[Event "Klatov Bazar Besiny Cup 2018"]
[Site "Klatovy"]
[Date "2018.07.08"]
[Round "9"]
[White "Simek, Petr"]
[Black "Hollan, Martin"]
[Result "1-0"]
[ECO "E67"]
[WhiteElo "2354"]
[BlackElo "2341"]
[Annotator "NA"]
[PlyCount "101"]
[EventDate "2018.07.01"]
[EventType "swiss"]
[EventCountry "CZE"]
[SourceTitle "playchess.com"]
[Source "ChessBase"]
[SourceQuality "1"]
[TimeControl "40/7200:0"]

1. d4 Nf6 2. c4 g6 3. g3 Bg7 4. Bg2 d6 5. Nc3 O-O 6. Nf3 Nbd7 7. O-O e5 8. Qc2 exd4 9. Nxd4 Nb6 10. Rd1 Nxc4 11. Ncb5 a6 12. Qxc4 axb5 13. Nxb5 Ne8 {[%emt 0:00:00] LiveBook: 18 Games E67: King's Indian: Fianchetto: 6...Nbd7} 14. Qc2 (14. Qb4 Be6 15. Be3 Qe7 16. Nc3 Nf6 17. Qh4 Ra5 18. Bg5 h6 19. Bxh6 Rh5 20. Bxg7 Rxh4 21. Bxf8 Kxf8 22. gxh4 {0-1 (44) Zhou,W (2606)-Yu,Y (2750) China 2017}) 14... Bf5 15. e4 Bg4 16. f3 Be6 17. Nc3 c6 18. Be3 b5 $146 ({Predecessor:} 18... Qa5 19. a3 f5 20. Bd4 Bxd4+ 21. Rxd4 f4 22. Ne2 fxg3 23. hxg3 Qb6 24. Rf1 Ra5 25. Rf2 Nf6 26. Qd2 Bc8 27. Nc3 {½-½ (27) Hardicsay,P (2245)-Gorcsi,G (2304) Zalakaros 2016}) 19. a3 Qb8 20. Ne2 Bc4 21. Bd4 Nf6 22. b3 Bxe2 23. Qxe2 Nd7 24. Bxg7 Kxg7 25. f4 b4 26. a4 Kg8 27. Qc4 Qb6+ 28. Kh1 Nf6 29. Rxd6 Ng4 30. Qd4 (30. Qxc6 {gets mated.} Nf2+ 31. Kg1 Nh3+ 32. Kh1 {[#]} Qg1+ $1 33. Rxg1 Nf2#) (30. Bf3 $18 Rad8 31. e5 (31. Bxg4 Rxd6 32. e5 Rd2 $17) (31. Rxc6 Qf2 $16) (31. Qxc6 Nf2+ 32. Kg2 Rxd6 $14) 31... Rxd6 32. exd6) 30... Qxd4 31. Rxd4 c5 32. Rd2 Rfc8 33. Bf1 Rc7 34. Bb5 Nf6 35. Re1 Kf8 36. Kg2 Ke7 37. e5 Nd7 38. Rd6 Nf8 39. Red1 Ne6 40. Rd7+ Kf8 41. Bc4 Raa7 42. Rxc7 Rxc7 43. Rd6 Nd4 44. Rb6 Nf5 $18 (44... Nxb3 {ist eine bessere Verteidigung.} 45. Bxb3 c4) 45. Kf3 h5 46. a5 Nd4+ 47. Ke4 Nc6 48. a6 Na5 49. Bd5 c4 50. bxc4 b3 51. Kd4 1-0

[Event "Klatov Bazar Besiny Cup 2018"]
[Site "Klatovy"]
[Date "2018.07.08"]
[Round "9"]
[White "Hausner, Ivan"]
[Black "Eret, Matous"]
[Result "1-0"]
[ECO "A40"]
[WhiteElo "2321"]
[BlackElo "2184"]
[Annotator "NA"]
[PlyCount "97"]
[EventDate "2018.07.01"]
[EventType "swiss"]
[EventCountry "CZE"]
[SourceTitle "playchess.com"]
[Source "ChessBase"]
[SourceQuality "1"]
[TimeControl "40/7200:0"]

1. d4 Nf6 2. c4 e6 3. g3 Bb4+ 4. Bd2 Bxd2+ 5. Qxd2 O-O {[%emt 0:00:00] E00: Catalan Bogo-Indian (3 g3 Bb4+)} (5... d5 6. Bg2 c6 7. Nf3 Nbd7 8. O-O b6 9. Ne5 Bb7 10. Nc3 O-O 11. Rac1 Qe7 12. Nxd7 Qxd7 13. b3 Ba6 14. cxd5 cxd5 15. Qb2 Qe7 16. Rc2 Rac8 17. Rfc1 h6 18. Nb1 Rfd8 19. Rxc8 Rxc8 20. Rxc8+ Bxc8 {½-½ (44) Bluebaum,M (2631)-Meier,G (2648) Karlsruhe/Baden-Baden 2018}) 6. Bg2 d5 7. Nc3 {[%emt 0:00:00] LiveBook: 3 Games} c6 8. Nf3 Nbd7 9. b3 Qe7 10. O-O b6 11. Rfe1 Ba6 12. e4 dxe4 $146 ({Predecessor:} 12... dxc4 13. d5 e5 14. dxc6 Nc5 15. Nd5 Qd6 16. Nh4 Nxd5 17. exd5 {½-½ (49) Khamdamov,S (2278)-Vokhidov,S (2336) Tashkent 2015}) 13. Nxe4 Rac8 14. Rad1 Nxe4 15. Rxe4 Nf6 16. Ree1 Rfd8 17. Qc2 Nd7 18. Qb2 Qf8 19. Rd2 Bb7 20. Qc2 h6 21. Red1 Qe7 22. Qe4 Nf6 23. Qe2 Qc7 24. Ne5 Rd6 25. c5 Rdd8 26. Qc4 Nd5 27. Qc1 b5 28. Be4 Qe7 29. Re1 Nf6 30. Bg2 Nd7 31. Red1 Nf6 32. b4 Nd5 33. Rb2 Qc7 34. a3 Re8 35. Be4 Nf6 36. Bb1 Nd7 37. Qc3 Rcd8 38. Rbd2 Nf8 39. h4 Qe7 40. Be4 Rc8 41. Qf3 Qc7 42. g4 g6 43. h5 Kg7 44. hxg6 Nxg6 45. Qg3 Rh8 46. f4 Qe7 47. f5 Nf8 {[%emt 0:00:50] [#]} 48. f6+ $1 Qxf6 49. Rf2 1-0

[Event "Klatov Bazar Besiny Cup 2018"]
[Site "Klatovy"]
[Date "2018.07.08"]
[Round "9"]
[White "Vyprachticky, David"]
[Black "Slovak, Kilian"]
[Result "1-0"]
[ECO "E92"]
[WhiteElo "2301"]
[BlackElo "2285"]
[Annotator "NA"]
[PlyCount "87"]
[EventDate "2018.07.01"]
[EventType "swiss"]
[EventCountry "CZE"]
[SourceTitle "playchess.com"]
[Source "ChessBase"]
[SourceQuality "1"]
[TimeControl "40/7200:0"]

1. d4 Nf6 2. c4 g6 3. Nc3 Bg7 4. e4 d6 5. Nf3 O-O 6. Be2 e5 7. d5 a5 8. Bg5 Na6 9. Nd2 Qe8 10. O-O h6 11. Be3 {[%emt 0:00:03] E92: King's Indian: Classical: 6 Be2 e5: 7 dxe5, 7 Be3 and Petrosian System without 7...Nbd7} Nh7 {[%emt 0:03:59] LiveBook: 3 Games} 12. a3 Bd7 13. b4 f5 14. f3 b6 $146 ({Predecessor:} 14... f4 15. Bf2 g5 16. c5 Qg6 17. c6 bxc6 18. dxc6 {1-0 (37) Freitag,M (2388)-Semenova,I (2215) Graz 2015}) 15. Qb3 f4 16. Bf2 a4 17. Qc2 g5 18. Rab1 Kh8 (18... Qg6 $16 19. c5 (19. Nxa4 g4 $16) 19... dxc5) 19. c5 bxc5 20. bxc5 Nxc5 21. Bxc5 dxc5 22. Bb5 Rg8 23. Nc4 Bf6 24. Bxd7 Qxd7 25. Rb7 Qc8 26. Rfb1 g4 27. Qe2 h5 28. d6 ({White has to play} 28. fxg4 $16 hxg4 29. d6) 28... Ng5 $1 29. fxg4 hxg4 $2 (29... f3 $1 $11 30. gxf3 hxg4 31. fxg4 (31. Rxc7 $2 gxf3 32. Rxc8 Nh3+ 33. Kf1 fxe2+ 34. Kxe2 Raxc8 $19) 31... Nh3+ 32. Kh1 Qxg4 33. Qxg4 Rxg4) 30. Rxc7 Qe6 31. Nd5 Bd8 32. Rcb7 Nf3+ 33. Kh1 Nd4 34. Qe1 g3 35. Qf1 f3 36. h3 Rg6 37. Rb8 Rxb8 38. Rxb8 Rh6 39. Rxd8+ Kg7 40. gxf3 Rxh3+ 41. Kg2 Ne2 42. f4 Qg4 43. Rg8+ Kxg8 44. Nf6+ 1-0

[Event "Klatov Bazar Besiny Cup 2018"]
[Site "Klatovy"]
[Date "2018.07.08"]
[Round "9"]
[White "Mejzlik, Ondrej"]
[Black "Simet, Martin"]
[Result "1/2-1/2"]
[ECO "A22"]
[WhiteElo "2287"]
[BlackElo "2182"]
[Annotator "NA"]
[PlyCount "57"]
[EventDate "2018.07.01"]
[EventType "swiss"]
[EventCountry "CZE"]
[SourceTitle "playchess.com"]
[Source "ChessBase"]
[SourceQuality "1"]
[TimeControl "40/7200:0"]

1. c4 e5 2. Nc3 Nf6 3. g3 d5 4. cxd5 Nxd5 5. Bg2 Nb6 6. Nf3 Nc6 7. O-O Be7 8. d3 O-O 9. a3 Re8 10. b4 Bf8 11. Ne4 {[%emt 0:03:41] A29: Englische Eröffnung (Vierspringer-Variante)} (11. Bb2 a5 12. b5 Nd4 13. Nd2 c6 14. bxc6 Nxc6 15. Na4 Nxa4 16. Qxa4 Bd7 17. Rfc1 Rb8 18. Qb3 Be6 19. Qb5 Bd7 20. Qb3 Be6 21. Qb5 Bd7 22. Qb3 {½-½ (22) Vitiugov,N (2722)-Svidler,P (2765) St Petersburg 2017}) 11... a5 12. b5 {[%emt 0:02:11] LiveBook: 3 Games} Nd4 13. Nxd4 exd4 14. Qc2 a4 15. Bg5 $146 ({Vorgänger:} 15. Bf4 Nd5 16. Bd2 h6 17. Rfc1 b6 18. Qc4 Bb7 19. Qxd4 f5 {½-½ (19) Sivic,K (2410)-Vinchev,S (2502) ICCF email 2016}) 15... f6 16. Bf4 Nd5 17. Rfc1 Nxf4 18. gxf4 Ra5 19. Qxc7 Qxc7 20. Rxc7 Rxb5 21. Rc4 Rb2 22. Rxa4 Rxe2 23. Rxd4 Bxa3 24. Bf3 Bb2 $1 25. Bxe2 Bxd4 $15 26. Ra4 Bb6 27. Kg2 Bc7 28. Bf3 Rd8 29. Rc4 1/2-1/2

[Event "Klatov Bazar Besiny Cup 2018"]
[Site "Klatovy"]
[Date "2018.07.08"]
[Round "9"]
[White "Jurek, Josef"]
[Black "Soural, Jan"]
[Result "0-1"]
[ECO "A05"]
[WhiteElo "2277"]
[BlackElo "2192"]
[Annotator "NA"]
[PlyCount "56"]
[EventDate "2018.07.01"]
[EventType "swiss"]
[EventCountry "CZE"]
[SourceTitle "playchess.com"]
[Source "ChessBase"]
[SourceQuality "1"]
[TimeControl "40/7200:0"]

1. Nf3 Nf6 2. c4 g6 3. g3 Bg7 4. Bg2 d5 5. cxd5 Nxd5 6. O-O c5 7. Nc3 Nc6 8. Qb3 {[%emt 0:03:05] LiveBook: 8 Games} Nxc3 {[%emt 0:03:34] A34: Symmetrical English: 2 Nc3, lines with ...d5} (8... Nb6 9. d3 O-O 10. Ng5 Nd4 11. Qd1 h6 12. Nge4 c4 13. dxc4 Nxc4 14. b3 Nd6 15. Nxd6 Qxd6 16. Bb2 Bg4 17. f3 Be6 {½-½ (48) Lei,T (2528)-Lagno,K (2547) Riadh 2017}) 9. bxc3 O-O 10. Qb5 Qa5 11. a4 a6 12. Qxa5 Nxa5 13. Ba3 Bg4 $146 ({Predecessor:} 13... b6 14. Rfb1 Nc4 15. Bc1 Rb8 {½-½ (65) Van der Werf,M (2441)-Jens,J (2382) Netherlands 2012}) 14. h3 Bxf3 15. Bxf3 Nb3 16. Ra2 Rfd8 17. d4 cxd4 18. Rb1 ({Worse is} 18. Bxb7 Ra7 $17) 18... Na5 19. Bxe7 Rd7 20. Bb4 Nc6 21. Bxc6 bxc6 22. Rd1 Rb7 23. Rad2 f5 24. Ba5 $1 dxc3 25. Rc2 $1 Rb2 $11 26. Rdc1 Re8 27. e3 Re4 28. Bxc3 Rxc2 0-1

[Event "Klatov Bazar Besiny Cup 2018"]
[Site "Klatovy"]
[Date "2018.07.08"]
[Round "9"]
[White "Tscharotschkin, Michael"]
[Black "Toman, Ondrej"]
[Result "1/2-1/2"]
[ECO "C10"]
[WhiteElo "2124"]
[BlackElo "2197"]
[Annotator "NA"]
[PlyCount "117"]
[EventDate "2018.07.01"]
[EventType "swiss"]
[EventCountry "CZE"]
[SourceTitle "playchess.com"]
[Source "ChessBase"]
[SourceQuality "1"]
[TimeControl "40/7200:0"]

1. e4 e6 2. d4 d5 3. Nc3 h6 4. Bd3 Nc6 5. Nge2 Nb4 6. O-O Nxd3 7. Qxd3 dxe4 8. Nxe4 Nf6 9. Nxf6+ Qxf6 10. Bf4 Bd6 11. Bxd6 cxd6 12. Qb5+ Ke7 13. d5 Bd7 14. Qb3 b6 15. Nc3 Rhd8 16. Rfe1 e5 17. Ne4 Qg6 18. Qa3 Bf5 19. Ng3 f6 20. f4 Kf7 21. fxe5 dxe5 22. Nxf5 Qxf5 23. c4 Kg8 24. Rad1 Rd7 25. b4 Rad8 26. Qb3 Kh7 27. Rf1 Qe4 $11 28. Rfe1 Qf5 29. a4 a6 30. Rd2 e4 31. Qc2 b5 32. axb5 axb5 33. Rxe4 bxc4 34. Rxc4 Qxc2 35. Rcxc2 Rxd5 36. Rxd5 Rxd5 37. Rb2 Rb5 38. Kf2 g5 39. Ke3 Kg6 40. Kd4 f5 41. Kc4 Rb8 42. b5 f4 43. b6 Kf5 44. Kc5 g4 45. Kc6 f3 46. b7 fxg2 47. Rxg2 h5 48. Kc7 Rxb7+ 49. Kxb7 h4 50. Kc6 Kf4 51. Kd5 g3 52. h3 Kf3 53. Rg1 Kf2 54. Ra1 g2 55. Ke4 Kg3 56. Ke3 Kxh3 57. Kf2 Kh2 58. Rc1 h3 59. Rg1 1/2-1/2

[Event "Klatov Bazar Besiny Cup 2018"]
[Site "Klatovy"]
[Date "2018.07.08"]
[Round "9"]
[White "Vavrinkova, Eliska"]
[Black "Finek, Vaclav"]
[Result "1-0"]
[ECO "D02"]
[WhiteElo "1746"]
[BlackElo "1763"]
[Annotator "NA"]
[PlyCount "77"]
[EventDate "2018.07.01"]
[EventType "swiss"]
[EventCountry "CZE"]
[SourceTitle "playchess.com"]
[Source "ChessBase"]
[SourceQuality "1"]
[TimeControl "40/7200:0"]

1. d4 d5 2. Nf3 Nf6 3. c4 c6 4. Qc2 g6 5. cxd5 cxd5 6. Nc3 Nc6 7. Bf4 a6 8. e3 Bf5 9. Qd1 Bg7 10. a3 O-O 11. Bd3 Bxd3 12. Qxd3 Qa5 13. O-O b5 14. b4 Qb6 15. Rfc1 Rfd8 16. h3 Rac8 17. Rc2 Na7 18. Rac1 a5 19. Na2 Rxc2 20. Rxc2 Rd7 21. Ne5 Rb7 22. bxa5 Qxa5 23. Nb4 Nh5 24. Nxd5 Nxf4 25. Nxf4 b4 26. axb4 Qxb4 27. Rc1 Qb5 28. Qxb5 Rxb5 29. Rc7 Ra5 30. Rxe7 Bxe5 31. Rxe5 Ra2 32. Rc5 Kg7 33. d5 Rd2 34. Kf1 Kf6 35. Ke1 Rb2 36. d6 Rb8 37. e4 Re8 38. Nd5+ Kg7 39. d7 1-0